 Dungeon Crawl Stone Soup version 0.30-a0-956-gcec3b41aec (webtiles) character file.

Game seed: 7026098549496966907

31 ThatPearl the Insei (level 2, 0/22 HPs)
             Began as a Demigod Transmuter on Mar 29, 2023.
             Succumbed to an adder's poison
             ... on level 2 of the Dungeon.
             The game lasted 00:01:45 (995 turns).

ThatPearl the Insei (Demigod Transmuter)             Turns: 995, Time: 00:01:45

Health: 0/22       AC:  4    Str: 11    XL:     2   Next: 90%
Magic:  6/7        EV: 12    Int: 15    God:
Gold:   6          SH:  0    Dex: 14    Spells: 3/4 levels left

rFire   . . .      SeeInvis .      - Unarmed
rCold   . . .      Faith    .    (no shield)
rNeg    . . .      Spirit   .    a - +0 robe
rPois   .          Reflect  .    (helmet currently unavailable)
rElec   .          Rampage  .    (no cloak)
rCorr   .                        j - +1 pair of gloves
Will    .....                    (boots currently unavailable)
Stlth   +                        f - amulet of the acrobat
HPRegen 0.23/turn                l - ring of flight
MPRegen 0.10/turn                (no ring)

@: lethally poisoned (0 -> -4), appendages (expiring), flying
A: horns 2, talons 2, high MP 1, forlorn, divine attributes
a: End Transformation


You were on level 2 of the Dungeon.
You had temporarily grown beastly horns and talons.
You visited 1 branch of the dungeon, and saw 2 of its levels.

You collected 6 gold pieces.

Inventory:

Missiles
 d - 24 stones
Armour
 a - a +0 robe (worn)
 j - a +1 pair of gloves (worn)
Jewellery
 f - an amulet of the acrobat (around neck)
 l - a ring of flight (left hand)
Scrolls
 e - a scroll of fog {unknown}
 h - a scroll of immolation {unknown}
 k - 2 scrolls of identify {unknown}
 m - a scroll of fear {unknown}
 n - a scroll of butterflies {unknown}
Potions
 b - a potion of lignification
 c - 2 potions of brilliance {unknown}
 g - a potion of curing {unknown}
 i - 2 potions of might {unknown}


   Skills:
 - Level 0.8 Fighting
 - Level 1.7 Dodging
 * Level 3.5 Unarmed Combat
 - Level 1.7 Spellcasting
 + Level 2.3 Transmutations


You had 3 spell levels left.
You knew the following spells:

 Your Spells              Type           Power      Damage    Failure   Level
a - Beastly Appendage     Tmut           16%        N/A       9%          1

Your spell library contained the following spells:

 Spells                   Type           Power      Damage    Failure   Level
 Wereblood                Tmut           8%         N/A       14%         2
 Spider Form              Tmut/Pois      4%         N/A       38%         3
 Ice Form                 Ice/Tmut       4%         N/A       80%         4


Dungeon Overview and Level Annotations

Branches:
Dungeon (2/15)

Shops:
D:1 !


Innate Abilities, Weirdness & Mutations

You have temporarily grown beastly horns and talons.
You have an increased reservoir of magic. (+10% MP)
You shall have no god before yourself.
Your divine heritage dramatically boosts your attributes as you level up.


Message History

You kill the kobold!
An adder comes into view.
An endoplasm comes into view.
Things that are here:
a +0 dagger; a kobold corpse
Casting: Beastly Appendage (safe; 9% risk of failure)
Press: ? - help, Q - select action, (/) - cycle Dir - look around, f - activate You extend your transformation's duration.
The endoplasm quivers.
Found a leather armour.
You hit the adder but do no damage. The adder bites you.
You are poisoned.
The adder poisons you!
You barely miss the adder. Your headbutt misses the adder.
You feel sick. The adder bites you. The adder barely misses you.
You hit the adder but do no damage.
You feel sick. The endoplasm hits you. The adder bites you but does no damage.
You hit the adder. You claw the adder, but do no damage.
The adder is heavily wounded.
Your transformation is almost over.
You feel sick. The endoplasm freezes you.
You are frozen.
The adder bites you.
You are more poisoned.
The adder poisons you!
You hit the adder. Your kick misses the adder.
The adder is severely wounded.
You feel sick. The adder bites you but does no damage.
The endoplasm freezes you.
You are frozen.
You barely miss the adder. Your kick misses the adder.
The adder is severely wounded.
You feel sick. The adder misses you. The endoplasm freezes you.
You are frozen.
* * * LOW HITPOINT WARNING * * *
Unknown command.
You hit the adder but do no damage.
The adder is severely wounded.
You die...

.........[#
...........# .
...........# .#
..
#.........##.
...#...........
...#.........#
......$...SJ.#
..........@.#
#........).##
#..........#
#..........#
##.........#
##.......##
#.........#
#...>.....#
#........<#


You could see an adder and an endoplasm.

Vanquished Creatures
  3 ball pythons (D:1)
  4 endoplasms
  A giant cockroach (D:1)
  A goblin (D:1)
  3 hobgoblins (D:1)
  5 jackals (D:1)
  7 kobolds
  2 bats (D:1)
26 creatures vanquished.

Notes
Turn   | Place    | Note
-------+----------+-------------------------------------------
     0 | D:1      | ThatPearl the Demigod Transmuter began the quest for the
                  | Orb.
     0 | D:1      | Reached XP level 1. HP: 15/15 MP: 5/5
   138 | D:1      | Reached skill level 3 in Unarmed Combat
   297 | D:1      | Reached XP level 2. HP: 17/22 MP: 5/7
   737 | D:1      | Found Nebloifo's Distillery.
   994 | D:2      | HP: 1/22 [frozen (5)]
   995 | D:2      | Succumbed to an adder's poison

Illustrated notes

Levels and vault maps discovered:
D:1:      roderic_chinese_lattice_arrival, layout_basic, serial_shops, shop,
          corner_web_ring
D:2:      layout_rooms, basic_altar, dk_noncrumbling_4, uniq_natasha

Skill      XL: |  1 |
---------------+----+-----
Unarmed Combat | 3 |  3.5
Transmutations | 2 |  2.3
Fighting       | |  0.8
Dodging        | |  1.7
Spellcasting   | |  1.7

Action                     || total
---------------------------++-------
  Melee: Unarmed           ||    65
         Kick              ||    13
         Headbutt          ||     9
         Punch             ||     1
   Cast: Beastly Appendage ||    18
 Armour: Robe              ||    18
  Dodge: Dodged            ||    38

Table legend: (Time is in decaauts)
 A = Elapsed time spent in this place.
 B = Non-inter-level travel time spent in this place.
 C = Inter-level travel time spent in this place.
 D = Time resting spent in this place.
 E = Time spent auto-exploring this place.
 F = Levels seen in this place.
 G = Mean time per level.
                   A        B        C        D        E       F      G
               +--------+--------+--------+--------+--------+-----+--------+
         Total |    990 |    965 |     25 |      0 |    780 |   2 |  495.0 |
       Dungeon |    990 |    965 |     25 |      0 |    780 |   2 |  495.0 |
               +--------+--------+--------+--------+--------+-----+--------+

Top non-repeatable levels by time:
     D:1: 962 daAuts
     D:2: 28 daAuts
